 Dungeon Crawl Stone Soup version 0.29.1-15-g9cfb28693d (webtiles) character file.

Game seed: 958783052931082440

186 Artool the Trooper (level 5, 25/42 HPs)
             Began as a Demonspawn Fighter on Apr 11, 2023.
             Quit the game on level 3 of the Dungeon.
             The game lasted 00:02:44 (2472 turns).

Artool the Trooper (Demonspawn Fighter)             Turns: 2472, Time: 00:02:45

Health: 25/42      AC: 18    Str: 19    XL:     5   Next: 38%
Magic:  5/5        EV:  9    Int:  9    God:
Gold:   79         SH:  4    Dex: 12    Spells: 4/4 levels left

rFire   . . .      SeeInvis .   s - +2 hammer (protect)
rCold   . . .      Faith    .   c - +0 buckler
rNeg    . . .      Spirit   .   b - +0 scale mail
rPois   .          Reflect  .   (helmet restricted)
rElec   .          Harm     .   h - +0 cloak
rCorr   .          Rampage  .   (no gloves)
Will    .....                   (no boots)
Stlth   ..........              (no amulet)
HPRegen 0.14/turn               (no ring)
MPRegen 0.18/turn               (no ring)

@: under a protective aura
A: horns 1, icy blue scales 2, magic regeneration
a: no special abilities


You were on level 3 of the Dungeon.
You visited 1 branch of the dungeon, and saw 3 of its levels.

You collected 79 gold pieces.

Inventory:

Hand Weapons
 a - a +0 flail
 s - a +2 hammer of protection (weapon)
Armour
 b - a +0 scale mail (worn)
 c - a +0 buckler (worn)
 h - a +0 cloak (worn)
Jewellery
 l - a ring of ice
Wands
 r - a wand of flame (11)
Scrolls
 e - 6 scrolls of identify {unknown}
 i - 6 scrolls of enchant armour {unknown}
 o - a scroll of enchant weapon {unknown}
 p - a scroll of teleportation {unknown}
 q - a scroll of magic mapping {unknown}
Potions
 d - a potion of might
 f - 3 potions of lignification {unknown}
 g - a potion of heal wounds {unknown}
 j - a potion of flight {unknown}
 k - a potion of ambrosia {unknown}
 m - a potion of invisibility {unknown}
 n - 2 potions of curing {unknown}


   Skills:
 + Level 4.2 Fighting
 + Level 3.2 Maces & Flails
 + Level 3.7 Armour
 - Level 3.0 Shields


You had 4 spell levels left.
You didn't know any spells.
Your spell library contained the following spells:

 Spells                   Type           Power      Damage    Failure   Level
 Frozen Ramparts          Ice            0%         1d1       99%         3
 Ice Form                 Ice/Tmut       0%         N/A       100%        4
 Summon Ice Beast         Ice/Summ       0%         N/A       100%        4


Dungeon Overview and Level Annotations

Branches:
Dungeon (3/15)

Altars:

Annotations:
D:3 1 runed translucent door, Crazy Yiuf


Innate Abilities, Weirdness & Mutations

You have a pair of small horns on your head.
You are mostly covered in icy blue scales. (AC +3)
You regenerate magic rapidly.


Message History

No target in view!
No target in view!
No target in view!
No target in view!
No target in view!
No target in view!
No target in view!
No target in view!
You climb downwards.
Level annotation: 1 runed translucent door, Crazy Yiuf
There is a stone staircase leading up, spattered with blood here.
You block the gnoll's attack. You block the gnoll's attack.
You hit the gnoll.
Your weapon exudes an aura of protection.
You headbutt the gnoll, but do no damage.
The gnoll is lightly wounded.
The gnoll hits you but does no damage. You block the gnoll's attack.
You sock the gnoll!
The gnoll is severely wounded.
The gnoll hits you but does no damage.
You hit the gnoll.
You kill the gnoll!
No target in view!
No target in view!
No target in view!
No target in view!
No target in view!
No target in view!
No target in view!
No target in view!
No target in view!
No target in view!
No target in view!
No target in view!
No target in view!
No target in view!
No target in view!
No target in view!
Are you sure you want to abandon this character and quit the game? (Confirm with "yes".)

....## #+# #.# .# #####
♣.♣♣ #.# .# ♣♣.♣ #.###[#
♣.♣♣ ###..h..# ♣♣.♣
#...###..g.... ♣♣.♣♣
#.#.# .h..... ♣♣...♣
#.#.###.###... ### ♣..).♣
#.)÷....# .. #.. #....#
#@.##.### . #.#
####...)###..##.### #.#
#.##......<.........
#.####..........#########
#.##.........#.#######
#.##.#.##.####........
.....#.##.# #########
#.####.##.# #.# #.##.#


There were no monsters in sight!

Vanquished Creatures
  A howler monkey (D:2)
  Ijyb (D:3)
  4 adders (D:2)
  3 gnolls
  An ufetubus (D:2)
  A worm (D:2)
  2 dart slugs (D:1)
  An orc (D:3)
  2 ball pythons (D:2)
  3 endoplasms
  2 giant cockroaches (D:1)
  4 hobgoblins
  2 jackals (D:3)
  3 kobolds
  A quokka (D:2)
  3 bats
  2 frilled lizards
  6 goblins
  6 rats
48 creatures vanquished.

Notes
Turn   | Place    | Note
-------+----------+-------------------------------------------
     0 | D:1      | Artool the Demonspawn Fighter began the quest for the Orb.
     0 | D:1      | Reached XP level 1. HP: 18/18 MP: 1/1
    55 | D:1      | Gained mutation: You are partially covered in icy blue
                  | scales. (AC +2) [demonic ancestry]
    55 | D:1      | Reached XP level 2. HP: 6/24 MP: 2/2
   786 | D:1      | Found a faded altar of an unknown god.
  1040 | D:2      | Gained mutation: You are mostly covered in icy blue scales.
                  | (AC +3) [demonic ancestry]
  1040 | D:2      | Reached XP level 3. HP: 19/29 MP: 3/3
  1303 | D:2      | Gained mutation: You regenerate magic rapidly. [demonic
                  | ancestry]
  1303 | D:2      | Reached XP level 4. HP: 33/37 MP: 4/4
  1714 | D:3      | Noticed Ijyb
  1729 | D:3      | Killed Ijyb
  2105 | D:3      | Found a runed translucent door.
  2106 | D:3      | Noticed Crazy Yiuf
  2199 | D:2      | Reached skill level 4 in Fighting
  2199 | D:2      | Gained mutation: You have a pair of small horns on your
                  | head. [demonic ancestry]
  2199 | D:2      | Reached XP level 5. HP: 6/42 MP: 5/5
  2472 | D:3      | Quit the game

Illustrated notes

Levels and vault maps discovered:
D:1:      amcnicky_arrival_wind_blow, layout_loops_ring,
          shapermc_ecumenical_altar_venn
D:2:      layout_basic
D:3:      layout_loops_ring, nicolae_overflow_two_pavilions, uniq_ijyb,
          uniq_sigmund, uniq_crazy_yiuf_cottage

Skill      XL: |  1  2  3  4 |
---------------+-------------+-----
Maces & Flails | 2 3 |  3.2
Armour         | 3 |  3.7
Shields        | 3 |  3.0
Fighting       | 4 |  4.2

Action                   |  1- 3 |  4- 6 || total
-------------------------+-------+-------++-------
Melee: Flail             |    97 |    55 ||   152
       Mace              |       |    32 ||    32
       Headbutt          |       |     3 ||     3
Armor: Scale mail        |    79 |    57 ||   136
Dodge: Dodged            |    81 |    58 ||   139
Block: Buckler           |    37 |    28 ||    65
